 Dungeon Crawl Stone Soup version 0.29-a0-817-g9904bce7a6 (webtiles) character file.

Game seed: 9753218279431861093

2 blackman the Sneak (level 1, -3/18 HPs)
             Began as a Human Delver on July 5, 2022.
             Slain by a gnoll
             ... wielding a +0 flail
             ... led by a gnoll sergeant
              (9 damage)
             ... on level 6 of the Dungeon.
             The game lasted 00:01:44 (207 turns).

blackman the Sneak (Human Delver)                    Turns: 207, Time: 00:01:44

Health: -3/18      AC:  3    Str: 12    XL:     1   Next: 33%
Magic:  1/1        EV: 12    Int: 10    God:
Gold:   11         SH:  0    Dex: 14    Spells: 0/0 levels left

rFire   . . .      SeeInvis .   a - +0 hand axe
rCold   . . .      Faith    .   (no shield)
rNeg    . . .      Spirit   .   b - +0 leather armour
rPois   .          Reflect  .   (no helmet)
rElec   .          Harm     .   (no cloak)
rCorr   .          Rampage  .   (no gloves)
Will    .....                   (no boots)
Stlth   +++.......              (no amulet)
HPRegen 0.06/turn               (no ring)
MPRegen 0.07/turn               (no ring)

@: no status effects
A: no striking features
a: no special abilities


You were on level 6 of the Dungeon.
You visited 1 branch of the dungeon, and saw 2 of its levels.

You collected 11 gold pieces.

Inventory:

Hand Weapons
 a - a +0 hand axe (weapon)
Armour
 b - a +0 leather armour (worn)
Wands
 g - a wand of digging (3)
Scrolls
 c - a scroll of fog
 d - a scroll of magic mapping
 e - a scroll of fear
 h - 2 scrolls of identify {unknown}


   Skills:
 - Level 3.0 Fighting
 - Level 2.0 Axes
 - Level 2.0 Dodging
 - Level 5.0 Stealth
 * Level 0.6 Evocations


You couldn't memorise any spells.
You didn't know any spells.
Your spell library was empty.

Dungeon Overview and Level Annotations

Branches:
Dungeon (6/15)
 Temple: D:4-7

Altars:
Yredelemnul


Message History

Found a sedimented pink potion.
Found a basalt altar of Yredelemnul.
Found a fuming amethyst potion.
Really walk into that teleport trap?
You enter a teleport trap!
The teleport trap disappears.
Your surroundings suddenly seem different.
Found a scroll labelled QOAZIBBUORI.
Found 6 gold pieces.
h - 2 scrolls labelled QOAZIBBUORI (gained 1)
There are no items here.
You now have 11 gold pieces (gained 6).
There are no items here.
An ice beast comes into view.
An ice beast is nearby!
Found 10 gold pieces.
You open the door.
There is an open door here.
A gnoll comes into view. It is wielding a +0 spear.
The gnoll shouts!
You hear a shout! x2
You hear a shout!
The gnoll closely misses you.
You hit the gnoll.
The gnoll is lightly wounded.
The gnoll barely misses you. The gnoll misses you.
A gnoll comes into view. It is wielding a +0 club.
You hit the gnoll.
The gnoll is heavily wounded.
You hit the gnoll. The gnoll hits you with a +0 spear. The gnoll misses you.
You closely miss the gnoll.
The gnoll is heavily wounded.
You barely miss the gnoll. The gnoll hits you with a +0 spear.
The gnoll hits you with a +0 club.
You hit the gnoll.
The gnoll is heavily wounded.
You hit the gnoll.
A gnoll comes into view. It is wielding a +0 flail.
The gnoll hits you with a +0 club. The gnoll hits you with a +0 flail!
Ouch! That really hurt!
You die...

.# ## .. #. .# ######g### #
.......@g#.# ######.#.#.# #...g.#
## # # ###.### ..#+#.. ##+#
#######.### .##.... ##...##
#.........# .###..l ##.....##
#.#####.#.# .......
#.......###.##....#.# .......
.........##.........######.......


You could see 3 gnolls.

Vanquished Creatures
  An orc (D:5)
1 creature vanquished.

Notes
Turn   | Place    | Note
-------+----------+-------------------------------------------
     0 | D:5      | blackman the Human Delver began the quest for the Orb.
     0 | D:5      | Reached XP level 1. HP: 18/18 MP: 1/1
    14 | D:5      | Noticed a hound
    61 | D:6      | Noticed a water moccasin
   106 | D:6      | Noticed an iguana
   125 | D:6      | Found a basalt altar of Yredelemnul.
   156 | D:6      | Noticed an ice beast
   207 | D:6      | Slain by a gnoll

Illustrated notes

Levels and vault maps discovered:
D:5:      layout_layer_cave, nicolae_ru_great_annihilating_truth,
          minmay_quadrilaterals, uniq_duvessa, uniq_ijyb
D:6:      layout_loops_corners, lemuel_tele_altar, serial_shops,
          nicolae_shop_hallway_plus, nicolae_shop_waterfront, shop_statue, shop,
          minmay_misc_feat_room, minivault_24

Action                   || total
-------------------------++-------
Melee: Hand axe          ||     7
  Use: Potion            ||     1
Armor: Leather armour    ||     2
Dodge: Dodged            ||     8

Table legend: (Time is in decaauts)
 A = Elapsed time spent in this place.
 B = Non-inter-level travel time spent in this place.
 C = Inter-level travel time spent in this place.
 D = Time resting spent in this place.
 E = Time spent auto-exploring this place.
 F = Levels seen in this place.
 G = Mean time per level.
                   A        B        C        D        E       F      G
               +--------+--------+--------+--------+--------+-----+--------+
         Total |    189 |    186 |      3 |      0 |     42 |   2 |   94.5 |
       Dungeon |    189 |    186 |      3 |      0 |     42 |   2 |   94.5 |
               +--------+--------+--------+--------+--------+-----+--------+

Top non-repeatable levels by time:
     D:6: 168 daAuts
     D:5: 20 daAuts
